 Dungeon Crawl Stone Soup version 0.22.0-27-ga576289 (webtiles) character file.

38 Monsterracer the Skirmisher (level 3, -4/23 HPs)
             Began as a Gargoyle Abyssal Knight on Aug 21, 2018.
             Was a Follower of Lugonu.
             Slain by a worm (8 damage)
             ... on level 2 of the Dungeon.
             The game lasted 00:01:12 (1043 turns).

Monsterracer the Skirmisher (GrAK)                  Turns: 1043, Time: 00:01:12

Health: -4/23      AC:  9    Str: 16    XL:     3   Next: 43%
Magic:  4/4        EV: 10    Int: 12    God:    Lugonu [*.....]
Gold:   51         SH:  0    Dex:  9    Spells: 2/2 levels left

rFire    . . .     SeeInvis .   a - +1 mace
rCold    . . .     Gourm    .   (no shield)
rNeg     + . .     Faith    +   j - +0 ring mail
rPois    ∞         Spirit   .   (no helmet)
rElec    +         Reflect  .   (no cloak)
rCorr    .         Harm     .   (no gloves)
MR       .....                  d - +0 pair of boots
Stlth    ..........             f - amulet of faith
HPRegen  0.07/turn              (no ring)
MPRegen  0.09/turn              (no ring)

@: no status effects
A: negative energy resistance 1, electricity resistance, unbreathing,
petrification resistance, rot immunity, AC +3
a: Depart the Abyss, Renounce Religion


You were on level 2 of the Dungeon.
You worshipped Lugonu.
Lugonu was aware of your devotion.
You were not hungry.

You visited 1 branch of the dungeon, and saw 2 of its levels.
You visited the Abyss 1 time.

You collected 51 gold pieces.

Inventory:

Hand Weapons
 a - a +1 mace (weapon)
Armour
 d - a +0 pair of boots (worn)
 j - a +0 ring mail (worn)
Jewellery
 f - an amulet of faith (around neck)
 g - an uncursed ring of fire
Potions
 e - a potion of flight {unknown}
 h - a potion of mutation {unknown}
 i - a potion of haste {unknown}
Comestibles
 b - 2 chunks of flesh
 c - 3 rations


   Skills:
 - Level 3.4 Fighting
 + Level 3.2 Maces & Flails
 - Level 2.1 Armour
 - Level 0.7 Dodging
 - Level 2.5 Invocations


You had 2 spell levels left.
You didn't know any spells.
Your spell library was empty.

Dungeon Overview and Level Annotations

Branches:
Dungeon (2/15)

Altars:


Innate Abilities, Weirdness & Mutations

You are resistant to torment.
Your stone body is resilient. (AC +3)
You are immune to poison.
You resist negative energy. (rN+)
You are resistant to electric shocks. (rElec)
You can survive without breathing.
You are immune to petrification.
You are immune to rotting.


Message History

Lugonu accepts your kill.
Found a ration.
Found a stone staircase leading up.
You see here a jackal corpse.
HP restored.
Found a ring mail.
c - 3 rations (gained 1)
i - a sapphire potion Health restored: 23 A rat comes into view.
A rat is nearby!
A ball python comes into view.
The ball python hisses angrily.
The rat barely misses you.
Found 25 arrows.
You closely miss the rat. The rat barely misses you.
You barely miss the ball python. The ball python bites you.
The ball python grabs you. The ball python constricts you.
The rat bites you but does no damage.
The ball python bites you but does no damage.
The ball python constricts you.
You take 3 damage, and have 20/23 hp.
You hit the ball python.
You kill the ball python!
Lugonu accepts your kill. The rat bites you.
The rat bites you but does no damage.
You take 2 damage, and have 18/23 hp.
You hit the rat.
You kill the rat!
Lugonu accepts your kill.
No target in view!
No target in view!
You see here a ring mail.
j - a ring mail Wear which item? (? for menu, Esc to quit)
You start removing your armour.
You continue taking off your +0 leather armour. x4
You finish taking off your +0 leather armour.
You start putting on your armour.
You continue putting on your ring mail. x5
You finish putting on your +0 ring mail.
Drop what? 10/52 slots (_ for help) (? for menu, Esc to quit)
You drop a +0 leather armour.
A worm comes into view.
Health restored: 23 A worm is nearby!
A worm is nearby!
A worm is nearby!
You hit the worm but do no damage. The worm bites you.
You take 3 damage, and have 20/23 hp.
You sock the worm!
The worm is heavily wounded.
You are feeling hungry.
You sock the worm!
The worm is almost dead.
The worm bites you!
You take 7 damage, and have 13/23 hp.
MASSIVE DAMAGE!!
A worm comes into view.
The worm bites you but does no damage.
Found a stone staircase leading up.
You are too injured to fight recklessly!
You are too injured to fight recklessly!
You are too injured to fight recklessly!
You are too injured to fight recklessly!
You hit the worm but do no damage.
The worm is severely wounded.
The worm barely misses you.
You hit the worm.
You kill the worm!
Lugonu accepts your kill.
You see here a worm corpse.
There isn't anything here!
You see here a worm corpse.
You butcher the worm corpse.
You see here 3 chunks of flesh.
b - 3 chunks of flesh Eat one of 3 chunks of flesh? (ye/n/q)
You eat one of the 3 chunks of flesh.
This raw flesh tastes terrible.
You barely miss the worm. The worm barely misses you.
You hit the worm but do no damage. You completely miss the worm.
The worm bites you.
You take 1 damage, and have 13/23 hp.
You hit the worm.
The worm is lightly wounded.
The worm bites you.
You take 1 damage, and have 12/23 hp.
You barely miss the worm.
The worm is lightly wounded.
The worm barely misses you.
Unknown command.
You hit the worm but do no damage.
The worm is lightly wounded.
Unknown command.
You sock the worm!
The worm is heavily wounded.
The worm bites you!
* * * LOW HITPOINT WARNING * * *
You take 8 damage, and have 4/23 hp.
MASSIVE DAMAGE!!
You hit the worm.
The worm is heavily wounded.
The worm bites you!
You die...

#.#..# .....# .#
.#...# .# ...#.# .#
####.# ####.##### #.#
### ####.........
#.###.###.#..........
#.##...#.............
#.#....#.....@w......
#...................<
##...................
#...................
#................###
#................#
...#.............##
#..##.....#.....##
#.........##..###


You could see a worm.

Vanquished Creatures
  A gnoll (D:1)
  A worm (D:2)
  A leopard gecko (D:1)
  2 giant cockroaches
  4 hobgoblins (D:1)
  2 jackals (D:2)
  A ball python (D:2)
  3 bats (D:1)
  5 frilled lizards
  A goblin (D:1)
  6 rats
27 creatures vanquished.

Notes
Turn   | Place    | Note
-------+----------+-------------------------------------------
     0 | Abyss:1  | Monsterracer the Gargoyle Abyssal Knight began the quest for the Orb.
     0 | Abyss:1  | Reached XP level 1. HP: 14/14 MP: 2/2
    39 | Abyss:1  | Noticed a large abomination
    40 | D:1      | Escaped the Abyss
   200 | D:1      | Reached XP level 2. HP: 11/19 MP: 3/3
   492 | D:1      | Reached * piety under Lugonu
   492 | D:1      | Reached XP level 3. HP: 23/23 MP: 4/4
  1042 | D:2      | HP: 4/23 [worm (8)]
  1043 | D:2      | Slain by a worm

Skill      XL: |  1  2  3 |
---------------+----------+-----
Maces & Flails | 3 |  3.2
Fighting       | |  3.4
Armour         | |  2.1
Dodging        | |  0.7
Invocations    | |  2.5

Action                   || total
-------------------------++-------
Melee: Mace              ||    99
Invok: Depart the Abyss  ||     1
  Eat: Chunk             ||     1
Armor: Leather armour    ||    62
       Ring mail         ||     1
Dodge: Dodged            ||    76

Vault maps used:
D:1:      dpeg_arrival_concentric_ovals, serial_corexii_hall,
          corexii_hall_statues_l, corexii_hall_statues_l
D:2:      minmay_overflow_temple_star_quad, uniq_terence
Abyss:1:  evilmike_abyss_exit_9
